 Dungeon Crawl Stone Soup version 0.24-a0-549-g45f0056d81 (webtiles) character file.

Game seed: 14419261231184629467

5349 DasRunzen the Protected (level 10, -13/91 HPs)
             Began as a Minotaur Fighter on Aug 19, 2019.
             Was a Follower of Makhleb.
             Mangled by an ogre
             ... wielding a +0 giant spiked club
              (17 damage)
             ... on level 7 of the Dungeon.
             The game lasted 00:16:05 (5362 turns).

DasRunzen the Protected (Minotaur Fighter)          Turns: 5362, Time: 00:16:05

Health: -13/91     AC: 17    Str: 21    XL:     10   Next: 38%
Magic:  12/12      EV:  8    Int:  5    God:    Makhleb [*.....]
Gold:   355        SH: 12    Dex: 13    Spells: 9/9 levels left

rFire    + . .     SeeInvis +   a - +2 war axe
rCold    + . .     Gourm    .   c - +0 shield
rNeg     . . .     Faith    .   x - +3 scale mail of Aladepau {rF+}
rPois    +         Spirit   .   u - +2 hat of Magic {rPois SInv}
rElec    .         Reflect  .   s - +0 cloak
rCorr    .         Harm     .   (no gloves)
MR       .....     Rnd*Tele +   (no boots)
Stlth    ..........             (no amulet)
HPRegen  0.25/turn              l - ring of ice (curse)
MPRegen  0.13/turn              (no ring)

@: no status effects
A: retaliatory headbutt, hooves 1, horns 2, icy blue scales 1, fire resistance
1, teleportitis 1
a: Renounce Religion


You were on level 7 of the Dungeon.
You worshipped Makhleb.
Makhleb was aware of your devotion.
You were not hungry.

You visited 1 branch of the dungeon, and saw 7 of its levels.

You collected 355 gold pieces.

Inventory:

Hand Weapons
 a - a +2 war axe (weapon)
Armour
 c - a +0 shield (worn)
 s - a +0 cloak (worn)
 u - the +2 hat of Magic (worn) {rPois SInv}
   (You found it on level 4 of the Dungeon)

   It protects you from poison.
   It lets you see invisible.
 x - the +3 scale mail of Aladepau (worn) {rF+}
   (You found it on level 6 of the Dungeon)

   It protects you from fire.
Jewellery
 l - a cursed ring of ice (left hand)
 C - an uncursed ring of poison resistance
Wands
 b - a wand of disintegration (15)
 p - a wand of scattershot (2)
 v - a wand of iceblast (11)
 A - a wand of digging (6)
Scrolls
 d - a scroll of fog
 g - 5 scrolls of teleportation
 i - 2 scrolls of remove curse {unknown}
 j - 6 scrolls of identify
 t - 2 scrolls of fear {unknown}
 y - a scroll of blinking
Potions
 e - a potion of berserk rage
 h - 5 potions of curing
 k - a potion of cancellation
 n - a potion of invisibility {unknown}
 o - 3 potions of haste {unknown}
 q - 3 potions of lignification {unknown}
 r - a potion of flight {unknown}
 w - a potion of magic {unknown}
 z - a potion of degeneration {unknown}
Comestibles
 f - 8 rations
 B - a chunk of flesh


   Skills:
 + Level 9.5 Fighting
 + Level 9.1 Axes
 + Level 9.5 Armour
 + Level 9.5 Shields
 + Level 4.9 Invocations


You had 9 spell levels left.
You didn't know any spells.
Your spell library contained the following spells:

 Spells                   Type           Power        Failure   Level  Hunger
 Animate Skeleton         Necr           N/A          94%         1    ##.....
 Apportation              Tloc           #.....       94%         1    ##.....
 Confusing Touch          Hex            #.....       94%         1    ##.....
 Flame Tongue             Conj/Fire      #....        94%         1    ##.....
 Summon Small Mammal      Summ           #...         94%         1    ##.....
 Throw Flame              Conj/Fire      #.....       98%         2    ###....
 Conjure Flame            Conj/Fire      #.......     100%        3    ####...
 Inner Flame              Hex/Fire       #.......     100%        3    ####...
 Sticky Flame             Conj/Fire      #.......     100%        4    #####..
 Fireball                 Conj/Fire      #.........   100%        5    ######.


Dungeon Overview and Level Annotations

Branches:
Dungeon (7/15)             Temple (0/1) D:6

Altars:
Gozag
Hepliaklqana
Kikubaaqudgha
Makhleb
Nemelex Xobeh
Ru
Trog
Vehumet
Xom
Yredelemnul
Beogh

Shops:
D:4 :

Annotations:
D:6 1 runed translucent door


Innate Abilities, Weirdness & Mutations

You reflexively headbutt those who attack you in melee.
You have a pair of horns on your head.
You have large cloven feet.
You are partially covered in icy blue scales. (AC +2)
Your flesh is heat resistant. (rF+)
You are occasionally teleported next to monsters.


Message History

The bullfrog zombie hits you.
* * * LOW HITPOINT WARNING * * *
An ogre comes into view. It is wielding a +0 giant spiked club.
The ogre shouts!
The adder hisses angrily.
You block the giant cockroach's attack. You block the giant cockroach's attack.
Found a ring mail.
The ogre barely misses you. You furiously retaliate!
You headbutt the ogre. You slash the ogre! You headbutt the ogre.
The ogre is heavily wounded.
You slash the bullfrog zombie! The bullfrog zombie closely misses you.
The ogre hits you with a +0 giant spiked club.
* * * LOW HITPOINT WARNING * * *
You block the bullfrog zombie's attack.
Your shield and scale mail of Aladepau prevent you from hitting the ogre.
The ogre is heavily wounded.
You hit the bullfrog zombie.
The bullfrog zombie hits you but does no damage.
The ogre hits you with a +0 giant spiked club!
You die...

......#... # #. ..
....†(#.#.. .#.# #.#
.....(#.#..# #..##..#
.Y...(#.##..##..#..#
K(###(#..##..#....#
..# #.#...##..S.. ..
.(###'#....###c###
#..
...........#.YsZ.#
#..##
...........#.#.#@#
#.#C
.......Y...Y.#.#.O#
#..##
..........c#.#.#.#.#
#...
#####......#/#.#[#..#
#... #...#..###.###
..# ###) #.....## .#.
#..# ##..) ......## #
# #..# ##.... .#.#.#
##. ##....( #. #.
#†....(


You could see a yak, an ogre, a centaur, an adder, a bullfrog zombie and a giant
cockroach.

Vanquished Creatures
  A two-headed ogre (D:7)
  The ghost of bmj180 the Cleaver, a novice HOFi (D:6)
  Pikel (D:4)
  A cyclops (D:7)
  A troll (D:7)
  2 hornets (D:7)
  A hippogriff (D:7)
  2 ice beasts (D:7)
  An orc warrior (D:7)
  A phantom (D:4)
  A necrophage (D:7)
  The ghost of Gall2222 the Chopper, an amateur HOFi (D:4)
  3 ogres
  2 centaurs (D:7)
  A bullfrog (D:6)
  2 scorpions
  4 killer bees (D:7)
  2 howler monkeys (D:7)
  A crimson imp (D:6)
  A centaur zombie (D:5)
  6 hounds
  7 orc wizards
  Crazy Yiuf (D:2)
  A bullfrog skeleton (D:6)
  5 orc priests
  Jessica (D:3)
  Terence (D:2)
  3 iguanas (D:7)
  3 worker ants
  2 worker ant zombies (D:7)
  3 gnolls (D:2)
  A howler monkey skeleton (D:7)
  12 adders
  An ooze (D:3)
  An adder zombie (D:7)
  2 adder skeletons
  5 worms
  5 leopard geckos
  28 orcs
  3 ball pythons
  10 bats
  14 giant cockroaches
  8 goblins
  4 hobgoblins
  11 jackals
  8 kobolds
  5 quokkas
  4 frilled lizards
  A jackal skeleton (D:7)
  2 quokka skeletons (D:4)
  9 rats
  A fungus (D:2)
198 creatures vanquished.

Vanquished Creatures (others)
  A hound (D:4)
  A quokka (D:4)
2 creatures vanquished.

Grand Total: 200 creatures vanquished

Notes
Turn   | Place    | Note
-------+----------+-------------------------------------------
     0 | D:1      | DasRunzen the Minotaur Fighter began the quest for the Orb.
     0 | D:1      | Reached XP level 1. HP: 19/19 MP: 0/0
   102 | D:1      | Reached XP level 2. HP: 25/27 MP: 1/1
   861 | D:2      | Reached XP level 3. HP: 31/33 MP: 2/2
  1109 | D:2      | Reached XP level 4. HP: 25/41 MP: 3/3
  1168 | D:2      | Found a sparkling altar of Nemelex Xobeh.
  1169 | D:2      | Found an opulent altar of Gozag.
  1448 | D:2      | Noticed Terence
  1454 | D:2      | Killed Terence
  1460 | D:2      | Reached XP level 5. HP: 31/47 MP: 4/4
  1532 | D:2      | Found a runed translucent door.
  1533 | D:2      | Noticed Crazy Yiuf
  1922 | D:2      | Killed Crazy Yiuf
  1991 | D:3      | Reached skill level 5 in Fighting
  1991 | D:3      | Reached skill level 5 in Armour
  1991 | D:3      | Reached skill level 5 in Shields
  1993 | D:3      | Reached XP level 6. HP: 26/56 MP: 5/5
  2237 | D:3      | Noticed Jessica
  2243 | D:3      | Killed Jessica
  2312 | D:3      | Found a shimmering altar of Xom.
  2589 | D:3      | Found an ancient bone altar of Kikubaaqudgha.
  2653 | D:3      | Gained mutation: You are occasionally teleported next to
                  | monsters. [potion of mutation]
  2653 | D:3      | Gained mutation: Your flesh is heat resistant. (rF+)
                  | [potion of mutation]
  2653 | D:3      | Gained mutation: You have large cloven feet. [potion of
                  | mutation]
  2653 | D:3      | Gained mutation: You are partially covered in icy blue
                  | scales. (AC +2) [potion of mutation]
  2795 | D:4      | Found a radiant altar of Vehumet.
  3013 | D:4      | Found a bloodstained altar of Trog.
  3106 | D:4      | Reached skill level 5 in Axes
  3106 | D:4      | Reached XP level 7. HP: 53/62 MP: 6/6
  3109 | D:4      | Noticed Pikel
  3131 | D:4      | Killed Pikel
  3131 | D:4      | Reached XP level 8. HP: 29/71 MP: 7/7
  3359 | D:4      | Found a runed translucent gate.
  3360 | D:4      | Found a runed translucent gate.
  3361 | D:4      | Found a runed translucent gate.
  3361 | D:4      | Found a roughly hewn altar of Beogh.
  3362 | D:4      | Noticed Gall2222's ghost (amateur HOFi)
  3529 | D:4      | Found Qacimp's Book Shoppe.
  3698 | D:4      | Killed Gall2222's ghost
  3730 | D:4      | Got a shimmering hat
  3736 | D:4      | Identified the +2 hat of Magic {rPois SInv} (You found it
                  | on level 4 of the Dungeon)
  3757 | D:5      | Entered Level 5 of the Dungeon
  3989 | D:5      | Found a burning altar of Makhleb.
  3998 | D:5      | Became a worshipper of Makhleb the Destroyer
  4128 | D:5      | Found a sacrificial altar of Ru.
  4238 | D:6      | Got an ichor-stained scale mail
  4249 | D:6      | Identified the +3 scale mail of Aladepau {rF+} (You found
                  | it on level 6 of the Dungeon)
  4259 | D:6      | Found a staircase to the Ecumenical Temple.
  4331 | D:6      | Found a basalt altar of Yredelemnul.
  4355 | D:6      | Found a runed translucent door.
  4359 | D:6      | Noticed bmj180's ghost (novice HOFi)
  4372 | D:6      | Found a runed translucent door.
  4376 | D:6      | Reached skill level 1 in Invocations
  4387 | D:6      | Killed bmj180's ghost
  4387 | D:6      | Reached XP level 9. HP: 59/81 MP: 7/9
  4747 | D:7      | Found a hazy altar of Hepliaklqana.
  4951 | D:7      | Reached * piety under Makhleb
  4968 | D:7      | Noticed a troll
  4978 | D:7      | Killed a troll
  5064 | D:7      | Identified the cursed +1 battleaxe "Huekaz" {chop, MR+}
  5066 | D:7      | Reached XP level 10. HP: 38/91 MP: 12/12
  5067 | D:7      | Noticed a two-headed ogre
  5078 | D:7      | Killed a two-headed ogre
  5079 | D:7      | Paralysed by a hornet for 1 turns
  5099 | D:7      | Noticed a cyclops
  5257 | D:7      | Killed a cyclops
  5337 | D:7      | HP: 4/91 [centaur (11)]
  5337 | D:7      | HP: 1/91 [worker ant (3)]
  5361 | D:7      | HP: 4/91 [ogre/+0 giant spiked club (5)]
  5362 | D:7      | Mangled by an ogre

Levels and vault maps discovered:
D:1:      lemuel_arrival_lava_pool, layout_basic
D:2:      layout_basic, grunt_temple_overflow_opulence, first_ration,
          hangedman_decor_peaks_small, uniq_crazy_yiuf_cottage, uniq_terence
D:3:      minmay_roachtagon, layout_basic, nicolae_overflow_crystal_walls,
          kiku_gazebo_garden_becter, uniq_jessica
D:4:      layout_basic, lightli_temple_of_fire, old_standard_altar,
          biasface_ghost_orc_armoury, serial_shops, shop, corexii_corridor_pit,
          uniq_pikel
D:5:      layout_rooms, makhleb_blood_cavern_becter, nicolae_ru_path_of_blood
D:6:      layout_basic, overflow_temple_1_default,
          minmay_temple_entry_offerings, ebering_ghost_sewer_f
D:7:      minmay_the_grid_octo_tiled_octocenter
          [minmay_the_grid_octo_thin_diamonds, minmay_the_grid_octo_empty,
          minmay_the_grid_octo_fat_diamond, minmay_the_grid_octo_pinwheel,
          minmay_the_grid_octo_prize_star, minmay_the_grid_square_5x5_plus,
          minmay_the_grid_square_5x5_inner_z,
          minmay_the_grid_square_5x5_detours, minmay_the_grid_square_5x5_three],
          layout_basic, nicolae_overflow_hidden_temple, old_standard_altar

Skill      XL: |  1  2  3  4  5  6  7  8  9 10 |
---------------+-------------------------------+-----
Fighting       | 4 5 6 7 9 |  9.5
Armour         | 4 5 6 7 9 |  9.5
Shields        | 4 5 6 7 9 |  9.5
Axes           | 3 4 5 6 7 8 9 |  9.1
Invocations    | 2 4 |  4.9

Action                   |  1- 3 |  4- 6 |  7- 9 | 10-12 || total
-------------------------+-------+-------+-------+-------++-------
Melee: War axe           |    73 |   178 |   184 |    50 ||   485
       Headbutt          |     8 |    26 |    37 |    12 ||    83
       Kick              |       |     3 |    61 |    18 ||    82
  Use: Scroll            |     2 |     9 |     1 |       ||    12
       Potion            |       |     1 |     2 |     1 ||     4
  Eat: Chunk             |       |     6 |     8 |     1 ||    15
Armor: Scale mail        |    29 |    71 |    96 |    27 ||   223
Dodge: Dodged            |    26 |    45 |    64 |    16 ||   151
Block: Shield            |    39 |    92 |   120 |    40 ||   291

Table legend:
 A = Non-vault XP
 B = Vault XP
 C = Vault XP percentage of total XP
 D = Non-vault monster count
 E = Vault monster count
 F = Vault count percentage of total count
                 A         B        C        D         E       F
            +---------+---------+-------+---------+---------+-------
      Total |    2822 |    4820 |  63.1 |     145 |      53 |  26.8
            +---------+---------+-------+---------+---------+-------
        D:1 |      35 |       0 |   0.0 |      21 |       0 |   0.0
        D:2 |     153 |      77 |  33.5 |      31 |       2 |   6.1
        D:3 |     316 |      57 |  15.3 |      36 |      11 |  23.4
        D:4 |     211 |     850 |  80.1 |      11 |      13 |  54.2
        D:5 |     267 |      40 |  13.0 |      14 |       1 |   6.7
        D:6 |     331 |     907 |  73.3 |       7 |       6 |  46.2
        D:7 |    1509 |    2889 |  65.7 |      25 |      20 |  44.4
            +---------+---------+-------+---------+---------+-------
